 Dungeon Crawl Stone Soup version 0.31-a0-963-ga325b2283a (webtiles) character file.

Game seed: 12598761550108527317

336 SacredBeard the Chopper (level 6, -3/57 HPs)
             Began as a Hill Orc Fighter on Oct 25, 2023.
             Was an Initiate of Beogh.
             Slain by Duvessa
             ... wielding a +0 short sword
              (5 damage)
             ... on level 4 of the Dungeon.
             The game lasted 00:07:50 (2870 turns).

SacredBeard the Chopper (Hill Orc Fighter)          Turns: 2870, Time: 00:07:50

Health: -3/57      AC:  7    Str: 21    XL:     6   Next: 54%
Magic:  6/6        EV:  9    Int:  8    God:    Beogh [......]
Gold:   168        SH:  5    Dex: 16    Spells: 5/5 levels left

rFire   . . .        w - +0 hand axe
rCold   . . .        c - +0 buckler
rNeg    . . .        b - +0 scale mail
rPois   .            q - +0 hat
rElec   .            (no cloak)
rCorr   .            (no gloves)
SInv    .            (no boots)
Will    .....        (no amulet) Stlth
                     n - +6 ring of dexterity
HPRegen 0.29/turn    (no ring)
MPRegen 0.10/turn

%: no passive effects
@: mighty, lethally poisoned (-3 -> -6)
A: no striking features
a: Renounce Religion


You were on level 4 of the Dungeon.
You worshipped Beogh.
Beogh was noncommittal.
You visited 1 branch of the dungeon, and saw 5 of its levels.

You collected 168 gold pieces.

Inventory:

Hand Weapons
 v - a +1 whip of distortion
 w - a +0 hand axe (weapon)
Armour
 b - a +0 scale mail (worn)
 c - a +0 buckler (worn)
 q - a +0 hat (worn)
 t - a +1 robe of willpower
Jewellery
 n - a +6 ring of dexterity (left hand)
 u - a ring of magical power
Scrolls
 e - a scroll of enchant weapon {unknown}
 g - a scroll of silence {unknown}
 h - 5 scrolls of teleportation {unknown}
 j - 7 scrolls of identify {unknown}
 k - a scroll of revelation {unknown}
 l - a scroll of noise {unknown}
 p - a scroll of immolation {unknown}
Potions
 f - 2 potions of attraction {unknown}
 i - a potion of degeneration {unknown}
 m - 3 potions of curing {unknown}
 o - 2 potions of haste {unknown}
 r - a potion of heal wounds {unknown}
 s - a potion of ambrosia {unknown}


   Skills:
 - Level 6.0 Fighting
 * Level 6.0 Axes
 - Level 4.0 Armour
 - Level 4.0 Shields


You had 5 spell levels left.
You didn't know any spells.
Your spell library contained the following spells:

 Spells                   Type           Power      Damage    Failure   Level
 Freeze                   Ice            0%         1d3       80%         1
 Slow                     Hex            0%         N/A       80%         1
 Confusing Touch          Hex            0%         N/A       99%         3
 Frozen Ramparts          Ice            0%         1d1       99%         3
 Hailstorm                Conj/Ice       0%         3d3       99%         3
 Inner Flame              Hex/Fire       0%         N/A       99%         3
 Mephitic Cloud           Conj/Pois/Air  0%         N/A       99%         3
 Sigil of Binding         Hex            0%         N/A       99%         3
 Vampiric Draining        Necr           0%         2d6       99%         3
 Flame Wave               Conj/Fire      0%         2d4       100%        4
 Olgreb's Toxic Radiance  Pois           0%         N/A       100%        4
 Sticky Flame             Conj/Fire      0%         2d3       100%        4


Dungeon Overview and Level Annotations

Branches:
Dungeon (5/15)
 Temple: D:4-7

Altars:
Cheibriados
Elyvilon
Ru

Shops:
D:1 [

Annotations:
D:4 Dowan, Duvessa, Pikel


Message History

Beogh smites you! You block Duvessa's attack.
You hit Duvessa.
Duvessa is heavily wounded.
You hit the orc priest.
The orc priest invokes the aid of Beogh against you.
Beogh smites you!
* * * LOW HITPOINT WARNING * * *
You block Duvessa's attack.
You hit Duvessa.
Duvessa is severely wounded.
You slash the orc priest!
You kill the orc priest!
Beogh accepts your kill.
Beogh appreciates your killing of a heretic priest.
You block Duvessa's attack.
Training target 6.0 for Fighting reached!
Your Fighting skill increases to level 6!
Your Axes skill increases to level 6!
You slash Dowan!
Dowan is heavily wounded.
You hit Duvessa but do no damage. Duvessa completely misses you.
Dowan hits you with a +2 dagger of venom.
* * * LOW HITPOINT WARNING * * *
You are poisoned.
You hit Dowan.
Dowan is heavily wounded.
You hit Duvessa.
You feel sick. You block Duvessa's attack. Dowan closely misses you.
You hit Duvessa but do no damage.
Duvessa is severely wounded.
You closely miss Dowan.
You feel sick.
Dowan hits you with a +2 dagger of venom!
* * * LOW HITPOINT WARNING * * *
Duvessa completely misses you.
You slash Duvessa!
Duvessa is almost dead.
You hit Dowan.
* * * LOW HITPOINT WARNING * * *
You feel sick. Duvessa hits you with a +0 short sword.
You die...

.. .#. ##.
#.#. .. ...
#.## ..# ...
.. #.# K#
#.##.##e#
#...oe@.#
....###.####
. #.# #..
#.# #o# #.<
.#.


You could see Duvessa, Dowan, an orc wizard and a kobold.

Vanquished Creatures
  An ogre (D:5)
  A jelly (D:5)
  An orc priest (D:4)
  A hound (D:5)
  A sleepcap (D:5)
  An iguana (D:5)
  5 adders
  A white imp (D:5)
  2 dart slugs (D:1)
  6 orcs
  4 ball pythons
  3 endoplasms
  3 giant cockroaches
  7 hobgoblins
  6 jackals
  9 kobolds
  6 quokkas
  4 bats
  4 frilled lizards
  2 goblins
  10 rats
78 creatures vanquished.

Vanquished Creatures (others)
  An orc priest (D:5)
  An orc wizard (D:5)
  2 orcs (D:5)
4 creatures vanquished.

Grand Total: 82 creatures vanquished

Notes
Turn   | Place    | Note
-------+----------+-------------------------------------------
     0 | D:1      | SacredBeard the Hill Orc Fighter began the quest for the
                  | Orb.
     0 | D:1      | Reached XP level 1. HP: 19/19 MP: 1/1
    91 | D:1      | Reached XP level 2. HP: 20/27 MP: 2/2
   318 | D:1      | Found Fycw's Antique Armour Emporium.
   361 | D:1      | Reached XP level 3. HP: 31/33 MP: 3/3
   952 | D:2      | Found a white marble altar of Elyvilon.
  1179 | D:3      | Identified the "Luiloym"
  1206 | D:3      | Reached XP level 4. HP: 35/41 MP: 4/4
  1639 | D:3      | Found a faded altar of an unknown god.
  2171 | D:4      | Noticed a lemure
  2172 | D:4      | Noticed a lemure
  2174 | D:4      | Noticed Pikel
  2175 | D:4      | Noticed a lemure
  2181 | D:4      | Noticed a lemure
  2198 | D:5      | Entered Level 5 of the Dungeon
  2246 | D:5      | Noticed an ogre
  2255 | D:5      | Killed an ogre
  2256 | D:5      | Reached skill level 5 in Fighting
  2256 | D:5      | Reached skill level 5 in Axes
  2256 | D:5      | Reached XP level 5. HP: 24/48 MP: 5/5
  2418 | D:5      | Reached XP level 6. HP: 32/56 MP: 6/6
  2501 | D:5      | Found a sacrificial altar of Ru.
  2501 | D:5      | Found a snail-covered altar of Cheibriados.
  2554 | D:5      | Became a worshipper of Beogh the Brigand
  2855 | D:4      | Noticed Dowan
  2856 | D:4      | Noticed Duvessa
  2869 | D:4      | HP: 2/57 [Dowan/+2 dagger of venom (7)]
  2870 | D:4      | Slain by Duvessa

Illustrated notes

Levels and vault maps discovered:
D:1:      amcnicky_arrival_underground_garden, layout_rooms, serial_shops, shop,
          minmay_pentomino_o4
D:2:      layout_loops_ring, basic_altar
D:3:      layout_basic, shapermc_ecumenical_altar_pompeii
D:4:      corexii_shack_village, layout_loops_cross, nemelex_dance_club_becter,
          mainiacjoe_overflow_boulevard, minmay_temple_entry_grid,
          minmay_misc_feat_hallway, nrook_campfire, uniq_duvessa, uniq_sigmund,
          uniq_pikel, uniq_eustachio
D:5:      layout_basic, dk_yredelemnul_ordeal,
          gammafunk_temple_overflow_elements, kennysheep_cross_bottleneck

Skill      XL: |  1  2  3  4  5  6 |
---------------+-------------------+-----
Axes           | 3 5 6 |  6.0
Fighting       | 4 5 6 |  6.0
Shields        | 4 |  4.0
Armour         | 4 |  4.0

Action                     |  1- 3 |  4- 6 || total
---------------------------+-------+-------++-------
  Melee: War axe           |   111 |    87 ||   198
         Hand axe          |       |    45 ||    45
 Invoke: Convert to Beogh  |       |     1 ||     1
    Use: Potion            |       |     1 ||     1
 Armour: Scale mail        |    72 |    85 ||   157
  Dodge: Dodged            |    43 |    69 ||   112
  Block: Buckler           |    28 |    34 ||    62

Table legend: (Time is in decaauts)
 A = Elapsed time spent in this place.
 B = Non-inter-level travel time spent in this place.
 C = Inter-level travel time spent in this place.
 D = Time resting spent in this place.
 E = Time spent auto-exploring this place.
 F = Levels seen in this place.
 G = Mean time per level.
                   A        B        C        D        E       F      G
               +--------+--------+--------+--------+--------+-----+--------+
         Total |   2936 |   2868 |     68 |      0 |   2162 |   5 |  587.2 |
       Dungeon |   2936 |   2868 |     68 |      0 |   2162 |   5 |  587.2 |
               +--------+--------+--------+--------+--------+-----+--------+

Top non-repeatable levels by time:
     D:3: 1011 daAuts
     D:2: 702 daAuts
     D:5: 667 daAuts
     D:1: 511 daAuts
     D:4: 44 daAuts
